AoeStats
← blytz

Arabian Desert

510655887Analyzed
1v1 RM · 1d ago on Oct 2, 2026· 39m 7s· 2 players
Game mode
Random Map
Map size
Tiny (2 player)
Population
200
Speed
Normal
Resources
Standard
Victory
Conquest
Starting age
Dark Age
Ending age
Imperial Age
RankedLock teamsTeams togetherTeam positionsShared explorationLock speedFull tech treeHidden civsTurbo modeCheats
Victory
Defeat
🇨🇳 Goths · China
2319
+8
🇺🇸 Britons · United States
2119
-8
JOJO ROAD ROLLER
6:35 Loom
8:53 Feudal Age
8:55 Man-at-Arms
10:02 Double-Bit Axe
20:12 Castle Age
18:28 Fletching
19:34 Horse Collar
20:50 Bodkin Arrow
27:34 Wheelbarrow
28:16 Bow Saw
29:12 Crossbowman
29:15 Elite Skirmisher
33:53 Imperial Age
32:44 Hand Cart
33:40 Ballistics
35:04 Bracer
35:46 Man-at-Arms
36:32 Long Swordsman
36:58 Gambesons
37:50 Scale Mail Armor
38:05 Two-Handed Swordsman
38:47 Squires
39:03 Forging
blytz
0:33 Loom
8:50 Feudal Age
9:01 Man-at-Arms
10:26 Double-Bit Axe
12:14 Man-at-Arms
16:08 Horse Collar
17:12 Forging
21:21 Castle Age
20:12 Forging
21:07 Gold Mining
21:59 Fletching
22:52 Bodkin Arrow
23:17 Bow Saw
24:23 Elite Skirmisher
26:58 Padded Archer Armor
28:10 Heavy Plow
31:52 Leather Archer Armor
32:40 Wheelbarrow
31:56 Town Watch
35:53 Imperial Age
34:40 Anarchy
34:44 Scale Mail Armor
34:44 Stone Mining
35:11 Hand Cart
35:37 Squires
36:24 Chain Mail Armor
36:25 Elite Huskarl
38:10 Iron Casting
Connection lost

Rejoining the realm…

Still unreachable

The connection could not be restored.

Session expired

The server has moved on; the page needs a fresh start.